 Dungeon Crawl Stone Soup version 0.28-a0-563-gf77a47075d (webtiles) character file.

Game seed: 17622897623887704586

58 friend the Sneak (level 3, -1/14 HPs)
             Began as a Spriggan Enchanter on Oct 1, 2021.
             Slain by an adder (5 damage)
             ... in a sewer.
             The game lasted 00:06:08 (2731 turns).

friend the Sneak (Spriggan Enchanter)               Turns: 2731, Time: 00:06:08

Health: -1/14      AC:  2    Str:  4    XL:     3   Next: 75%
Magic:  0/8        EV: 17    Int: 17    God:
Gold:   41         SH:  0    Dex: 15    Spells: 5/7 levels left

rFire   . . .      SeeInvis +   a - +2 dagger
rCold   . . .      Faith    .   (shield restricted)
rNeg    . . .      Spirit   .   b - +0 robe
rPois   .          Reflect  .   (helmet restricted)
rElec   .          Harm     .   (no cloak)
rCorr   .          Rampage  .   (gloves unavailable)
Will    .....                   (boots unavailable)
Stlth   +++.......              (no amulet)
HPRegen 0.04/turn               (no ring)
MPRegen 0.11/turn               (no ring)

@: lethally poisoned (-1 -> -8), very quick
A: very small, no large weapons, unfitting armour, see invisible, speed 3, frail
1
a: no special abilities


You were in a sewer.
You visited 1 branch of the dungeon, and saw 3 of its levels.
You also visited: Sewer.

You collected 41 gold pieces.

Inventory:

Hand Weapons
 a - a +2 dagger (weapon)
Missiles
 d - 30 poisoned darts (quivered)
Armour
 b - a +0 robe (worn)
Scrolls
 e - 2 scrolls of magic mapping {unknown}
 g - a scroll of enchant armour {unknown}
 h - a scroll of noise {unknown}
 j - a scroll of immolation {unknown}
 n - 2 scrolls of enchant weapon
 p - a scroll of holy word {unknown}
 q - a scroll of fear {unknown}
 t - a scroll of teleportation
Potions
 c - a potion of invisibility
 f - a potion of might {unknown}
 i - a potion of lignification {unknown}
 k - a potion of brilliance {unknown}
 l - a potion of flight {unknown}
 m - a potion of mutation
 o - a potion of magic {unknown}


   Skills:
 + Level 2.8 Short Blades
 - Level 2.6 Dodging
 - Level 6.0 Stealth
 - Level 2.6 Spellcasting
 - Level 3.6 Hexes
 + Level 0.4 Ice Magic


You had 5 spell levels left.
You knew the following spells:

 Your Spells              Type           Power      Damage    Failure   Level
a - Ensorcelled Hibernat  Hex/Ice        18%        N/A       12%         2

Your spell library contained the following spells:

 Spells                   Type           Power      Damage    Failure   Level
 Confusing Touch          Hex            14%        N/A       12%         3
 Tukima's Dance           Hex            14%        N/A       12%         3
 Dazzling Flash           Conj/Hex       16%        N/A       26%         3


Dungeon Overview and Level Annotations

Branches:
Dungeon (3/15)              Sewer (1/1)

Altars:


Innate Abilities, Weirdness & Mutations

You are very small and have problems with some larger weapons.
You are too small for most types of armour.
You have supernaturally acute eyesight. (SInv)
You cover ground extremely quickly. (Speed+++)
You are frail. (-10% HP)


Message History

You enter the shallow water.
Moving in this stuff is going to be slow.
You enter the shallow water.
Moving in this stuff is going to be slow.
You enter the shallow water.
Moving in this stuff is going to be slow.
An adder comes into view.
MP restored: 8 You enter the shallow water.
Moving in this stuff is going to be slow.
The adder hisses angrily.
Aim: an adder (chance to affect: 50%)
The adder resists with some effort.
The adder bites you.
You are poisoned.
The adder poisons you!
A frilled lizard comes into view.
You take 4 damage, and have 12/16 hp.
MASSIVE DAMAGE!!
You now have 6/8 mp.
Aim: an adder (chance to affect: 50%)
The adder resists with some effort.
The frilled lizard hisses angrily.
You feel sick. The adder barely misses you.
You take 1 damage, and have 11/16 hp.
You now have 4/8 mp.
Aim: an adder (chance to affect: 50%)
The adder resists with some effort.
You feel sick. The adder barely misses you.
You take 1 damage, and have 10/16 hp.
You now have 2/8 mp.
Aim: an adder (chance to affect: 50%)
The adder resists with some effort.
You feel sick. The adder completely misses you. The adder bites you.
You are lethally poisoned!
The adder poisons you!
You take 4 damage, and have 6/16 hp.
MASSIVE DAMAGE!!
You now have 0/8 mp.
It was a potion of mutation.
You feel extremely strange.
You feel frail.
* * * LOW HITPOINT WARNING * * *
You feel sick. The adder bites you.
You die...

#≈#.####P####..≈.## #≈
#≈#.≈≈≈≈≈≈≈≈≈...≈# ≈
#≈#≈#########P..####### ≈≈≈≈
#≈#.≈≈≈≈.≈≈≈≈...≈≈≈≈≈≈≈
≈≈≈≈≈#≈#≈≈.....≈≈≈≈..######.
≈≈≈≈≈....≈≈≈.≈≈≈≈≈....#
≈≈≈≈≈P.P≈≈.≈P≈≈.≈≈≈≈.≈#
≈≈≈≈≈≈.≈≈≈.P...≈.≈..≈≈###
≈≈≈≈≈≈.≈..P@.≈.≈.....≈≈.#
≈≈≈≈≈≈≈..≈#S#≈≈..≈≈.....##
≈≈≈≈≈≈≈.≈.#≈#.≈≈PP..≈.≈..###
≈≈≈≈≈≈≈≈≈≈#≈#≈≈≈....P≈≈≈≈≈≈#
≈≈≈≈≈≈≈≈≈≈#l#≈≈≈≈≈#P#.≈≈.≈.≈
≈≈≈≈≈≈≈#≈#≈≈≈≈≈#≈#≈≈≈..≈≈
≈≈≈≈≈≈≈#≈#≈≈≈≈≈#≈#≈≈≈≈≈≈≈
#≈#≈≈≈≈ #≈#≈≈≈≈≈≈≈ #≈#
#≈≈≈≈≈≈≈


You could see an adder and a frilled lizard.

Vanquished Creatures
  2 adders
  3 dart slugs
  5 giant cockroaches
  2 goblins (D:2)
  A hobgoblin (D:3)
  3 jackals (Sewer)
  7 ball pythons
  6 bats
  A frilled lizard (D:3)
  A kobold (Sewer)
  A rat (D:1)
  A spectral kobold (D:1)
33 creatures vanquished.

Vanquished Creatures (others)
  14 plants
14 creatures vanquished.

Grand Total: 47 creatures vanquished

Notes
Turn   | Place    | Note
-------+----------+-------------------------------------------
     0 | D:1      | friend the Spriggan Enchanter began the quest for the Orb.
     0 | D:1      | Reached XP level 1. HP: 9/9 MP: 5/5
   148 | D:1      | Reached skill level 5 in Stealth
   359 | D:1      | Found a faded altar of an unknown god.
   446 | D:1      | Reached XP level 2. HP: 10/10 MP: 6/6
   896 | D:1      | Learned a level 2 spell: Ensorcelled Hibernation
  1219 | D:2      | Reached skill level 6 in Stealth
  2169 | D:3      | Found a glowing drain.
  2316 | D:3      | Reached XP level 3. HP: 15/16 MP: 8/8
  2355 | Sewer    | Entered a sewer
  2731 | Sewer    | Gained mutation: You are frail. (-10% HP) [potion of
                  | mutation]
  2731 | Sewer    | Slain by an adder

Illustrated notes

Levels and vault maps discovered:
D:1:      roderic_crop_circles_arrival_small, layout_loops_corners,
          dreamdust_ecumenical_altar_drowned_temple
D:2:      layout_loops_ring
D:3:      layout_basic, gup_sewer_entry_glass
Sewer:    sewer_co_scattered_pipes

Skill      XL: |  1  2  3 |
---------------+----------+-----
Stealth        | 5 6 |  6.0
Short Blades   | 2 |  2.8
Dodging        | |  2.6
Spellcasting   | |  2.6
Hexes          | |  3.6
Ice Magic      | |  0.4

Action                   || total
-------------------------++-------
Melee: Dagger            ||   108
Throw: Dart              ||    32
 Cast: Ensorcelled Hiber ||     8
  Use: Scroll            ||     2
       Potion            ||     1
 Stab: Sleeping          ||     5
       Distracted        ||     1
Armor: Robe              ||    13
Dodge: Dodged            ||    92

Table legend: (Time is in decaauts)
 A = Elapsed time spent in this place.
 B = Non-inter-level travel time spent in this place.
 C = Inter-level travel time spent in this place.
 D = Time resting spent in this place.
 E = Time spent auto-exploring this place.
 F = Levels seen in this place.
 G = Mean time per level.
                   A        B        C        D        E       F      G
               +--------+--------+--------+--------+--------+-----+--------+
         Total |   2024 |   2003 |     21 |    460 |   1108 |   4 |  506.0 |
       Dungeon |   1670 |   1649 |     21 |    292 |   1008 |   3 |  556.7 |
         Sewer |    353 |    353 |      0 |    168 |    100 |   1 |  353.0 |
               +--------+--------+--------+--------+--------+-----+--------+

Top non-repeatable levels by time:
     D:1: 731 daAuts
     D:2: 697 daAuts
   Sewer: 353 daAuts
     D:3: 241 daAuts
